 Dungeon Crawl Stone Soup version 0.31-a0-1589-g8f5e8aebd6 (webtiles) character file.

Game seed: 7275976301670133179

175 Flugslaktarn the Apothecary (level 5, -2/31 HPs)
             Began as an Octopode Alchemist on Jan 6, 2024.
             Slain by an ufetubus (3 damage)
             ... on level 5 of the Dungeon.
             The game lasted 00:01:37 (879 turns).

Flugslaktarn the Apothecary (Octopode Alchemist)     Turns: 879, Time: 00:01:37

Health: -2/31      AC:  1    Str:  8    XL:     5   Next: 55%
Magic:  9/10       EV: 13    Int: 19    God:
Gold:   114        SH:  0    Dex: 12    Spells: 9/10 levels left

rFire   . . .        e - +0 short sword
rCold   . . .        (no shield)
rNeg    . . .        (helmet restricted)
rPois   .            (no amulet)
rElec   .            (no ring)
rCorr   .            (no ring)
SInv    .            (no ring)
Will    .....        (no ring)
Stlth   +++          (no ring)
HPRegen 0.25/turn    (no ring)
MPRegen 0.12/turn    (no ring)
                     (no ring)

%: no passive effects
@: very slightly contaminated
A: almost no armour, amphibious, 8 rings, camouflage 1, gelatinous body 1,
(nimble swimmer 1), tentacles
a: no special abilities


You were on level 5 of the Dungeon.
You visited 1 branch of the dungeon, and saw 5 of its levels.

You collected 114 gold pieces.

Inventory:

Hand Weapons
 e - a +0 short sword (weapon)
   (You took it off a kobold on level 1 of the Dungeon)
Armour
 b - an orb of energy
   (You found it on level 1 of the Dungeon)
 k - a +0 buckler
   (You found it on level 5 of the Dungeon)
Jewellery
 j - a ring of fire
   (You found it on level 3 of the Dungeon)
Scrolls
 d - a scroll of torment {unknown}
 f - a scroll of enchant armour {unknown}
 g - a scroll of blinking {unknown}
 h - 4 scrolls of immolation {unknown}
Potions
 a - 2 potions of magic
 c - a potion of lignification {unknown}
 i - 2 potions of brilliance {unknown}


   Skills:
 - Level 2.0 Dodging
 - Level 2.6 Stealth
 + Level 3.3 Spellcasting
 - Level 1.0 Conjurations
 * Level 5.7 Alchemy


You had 9 spell levels left.
You knew the following spells:

 Your Spells              Type           Power      Damage    Failure   Level
a - Sting                 Conj/Alch      64%        1d7       3%          1

Your spell library contained the following spells:

 Spells                   Type           Power      Damage    Failure   Level
 Mercury Vapours          Alch/Air       28%        N/A       7%          2
 Olgreb's Toxic Radiance  Alch           25%        N/A       14%         4
 Mephitic Cloud           Conj/Alch/Air  11%        N/A       17%         3
 Sticky Flame             Fire/Alch      14%        2d5       41%         4


Dungeon Overview and Level Annotations

Branches:
Dungeon (5/15)
 Temple: D:4-7

Altars:


Innate Abilities, Weirdness & Mutations

You cannot wear most types of armour.
You are amphibious.
You can wear up to eight rings at the same time.
Your skin changes colour to match your surroundings (Stealth+).
Your rubbery body absorbs attacks. (AC +1, EV +1)
((You are camouflaged when in or above water. (Stealth+)))
You have tentacles for arms and can constrict up to eight enemies at once.


Message History

a +0 dagger; a +0 robe; an orc corpse
Found a stone staircase leading down.
Unknown command.
Found 19 gold pieces.
You now have 103 gold pieces (gained 19).
Found a long sword.
You see here a +0 long sword.
Found a stone staircase leading down.
Unknown command.
Found 11 gold pieces.
A howler monkey comes into view.
Unknown command.
You see here 11 gold pieces.
You now have 114 gold pieces (gained 11).
Casting: Sting (safe; 4% risk of failure)
Confirm with . or Enter, or press ? or * to list all spells.
You can't see any susceptible monsters within range! (Use Z to cast anyway.)
Casting: Sting (safe; 4% risk of failure)
Confirm with . or Enter, or press ? or * to list all spells.
You can't see any susceptible monsters within range! (Use Z to cast anyway.)
Casting: Sting (safe; 4% risk of failure)
Confirm with . or Enter, or press ? or * to list all spells.
Aiming: Sting (safe; 4% risk of failure)
Press: ? - help, Shift-Dir - straight line, f - howler monkey
Aim: a howler monkey (asleep, 100% to hit)
The sting hits the howler monkey.
The howler monkey is poisoned.
The howler monkey is lightly wounded.
The howler monkey misses you.
Casting: Sting (safe; 4% risk of failure)
Confirm with . or Enter, or press ? or * to list all spells.
Aiming: Sting (safe; 4% risk of failure)
Press: ? - help, Shift-Dir - straight line, f/p - howler monkey
Aim: a howler monkey (lightly wounded, poisoned, 71% to hit)
The sting hits the howler monkey.
The howler monkey looks even sicker.
The howler monkey is moderately wounded.
The howler monkey hoots and howls with incredible vigour!
Casting: Sting (safe; 4% risk of failure)
Confirm with . or Enter, or press ? or * to list all spells.
Aiming: Sting (safe; 4% risk of failure)
Press: ? - help, Shift-Dir - straight line, f/p - howler monkey
Aim: a howler monkey (moderately wounded, very poisoned, catching its breath, 71% to hit)
The sting misses the howler monkey.
The howler monkey hits you.
You hit the howler monkey. Your grab misses the howler monkey.
The howler monkey is heavily wounded.
The howler monkey hits you.
You barely miss the howler monkey. You grab the howler monkey.
The howler monkey is heavily wounded.
You constrict the howler monkey, but do no damage.
The howler monkey closely misses you. The howler monkey hits you.
You hit the howler monkey. You squeeze the howler monkey.
The howler monkey is severely wounded.
You constrict the howler monkey. The howler monkey closely misses you.
You hit the howler monkey. Your squeeze misses the howler monkey.
The howler monkey is almost dead.
You constrict the howler monkey.
You kill the howler monkey!
Magic restored.
Found 6 stones.
Unknown command.
You see here 6 stones.
Found 3 poisoned darts.
Unknown command.
An ufetubus comes into view.
Found 9 gold pieces.
The ufetubus shouts!
You hear a shout!
An ufetubus comes into view.
Unknown command.
A hound comes into view.
Casting: Sting (safe; 3% risk of failure)
Confirm with . or Enter, or press ? or * to list all spells.
Aiming: Sting (safe; 3% risk of failure)
Press: ? - help, Shift-Dir - straight line, f - ufetubus
Aim: an ufetubus (57% to hit)
You miscast Sting.
You are very lightly contaminated with residual magic.
Nothing appears to happen.
The hound barks!
The ufetubus hits you. x2
The ufetubus slips past you! The ufetubus hits you.
The ufetubus closely misses you.
You miss the ufetubus. You grab the ufetubus.
You constrict the ufetubus, but do no damage.
The ufetubus closely misses you. The ufetubus hits you. x2
The ufetubus completely misses you. The ufetubus hits you.
The ufetubus closely misses you.
You barely miss the ufetubus. Your grab misses the ufetubus.
You constrict the ufetubus. The ufetubus misses you.
The ufetubus closely misses you. The ufetubus hits you. x2
You are too injured to fight recklessly!
You hit the ufetubus.
The ufetubus is moderately wounded.
You constrict the ufetubus, but do no damage.
The ufetubus barely misses you. The ufetubus closely misses you.
The ufetubus hits you.
* * * LOW HITPOINT WARNING * * *
The ufetubus closely misses you. The ufetubus barely misses you.
The ufetubus hits you.
* * * LOW HITPOINT WARNING * * *
The ufetubus hits you.
You die...

## ### ### #.. ##.# #..
## ####..####..##.# #.
#.....h5@5....# #.
....#..##....## .. .
#..# ###..# . #$# ###.#
## #.. ##...# ##. #..
#....## ##.. #.
##.....# ###... ..
##......######...##
.#####...............##


You could see a hound and 2 ufetubi.

Vanquished Creatures
  A howler monkey (D:5)
  An orc priest (D:4)
  A jelly (D:3)
  An orc wizard (D:5)
  A gnoll (D:1)
  3 dart slugs
  A ribbon worm (D:2)
  5 orcs
  An endoplasm (D:3)
  3 hobgoblins
  A ball python (D:4)
  2 bats
  3 frilled lizards
  4 goblins
  4 kobolds
32 creatures vanquished.

Notes
Turn   | Place    | Note
-------+----------+-------------------------------------------
     0 | D:1      | Flugslaktarn the Octopode Alchemist began the quest for the
                  | Orb.
     0 | D:1      | Reached XP level 1. HP: 11/11 MP: 3/3
    63 | D:1      | Reached XP level 2. HP: 17/17 MP: 1/5
   170 | D:2      | Reached skill level 4 in Alchemy
   340 | D:2      | Reached XP level 3. HP: 21/21 MP: 3/6
   454 | D:3      | Reached XP level 4. HP: 24/27 MP: 2/8
   489 | D:4      | Reached skill level 5 in Alchemy
   639 | D:5      | Entered Level 5 of the Dungeon
   725 | D:5      | Reached XP level 5. HP: 19/31 MP: 4/9
   879 | D:5      | HP: 1/31 [ufetubus (5)]
   879 | D:5      | Slain by an ufetubus

Illustrated notes

Levels and vault maps discovered:
D:1:      tekkud_arrival_beachfront_property, layout_loops_ring
D:2:      layout_basic, minmay_nonomino_d4
D:3:      layout_basic, nicolae_ecumenical_lake_church,
          chequers_serial_rivers_micro_c
D:4:      layout_basic, kennysheep_mini, mainiacjoe_overflow_cross_hatched
D:5:      layout_layer_cave, minmay_temple_entry_junction, minivault_25

Skill      XL: |  1  2  3  4 |
---------------+-------------+-----
Alchemy        | 4 5 |  5.7
Spellcasting   | 3 |  3.3
Dodging        | |  2.0
Stealth        | |  2.6
Conjurations   | |  1.0

Action                     |  1- 3 |  4- 6 || total
---------------------------+-------+-------++-------
  Melee: Unarmed           |     6 |       ||     6
         Tentacles         |     6 |    11 ||    17
         Constrict         |     7 |     6 ||    13
         Short sword       |    18 |    26 ||    44
   Cast: Sting             |    21 |    11 ||    32
   Stab: Sleeping          |     1 |     2 ||     3
 Armour: Skin              |     7 |    22 ||    29
  Dodge: Dodged            |    18 |    20 ||    38

Table legend: (Time is in decaauts)
 A = Elapsed time spent in this place.
 B = Non-inter-level travel time spent in this place.
 C = Inter-level travel time spent in this place.
 D = Time resting spent in this place.
 E = Time spent auto-exploring this place.
 F = Levels seen in this place.
 G = Mean time per level.
                   A        B        C        D        E       F      G
               +--------+--------+--------+--------+--------+-----+--------+
         Total |    877 |    839 |     38 |      0 |    470 |   5 |  175.4 |
       Dungeon |    877 |    839 |     38 |      0 |    470 |   5 |  175.4 |
               +--------+--------+--------+--------+--------+-----+--------+

Top non-repeatable levels by time:
     D:2: 282 daAuts
     D:5: 239 daAuts
     D:3: 156 daAuts
     D:1: 144 daAuts
     D:4: 55 daAuts
